[Event "Kragero Resort International 2022"]
[Site "Kragero"]
[Date "2022.02.25"]
[Round "5.2"]
[White "Ostensen, Nicolai Maxime"]
[Black "Strand, Amund Pihl"]
[Result "1-0"]
[ECO "A36"]
[WhiteElo "1728"]
[BlackElo "1748"]
[Annotator "NA"]
[PlyCount "85"]
[EventDate "2022.02.23"]
[EventType "swiss"]
[EventCountry "NOR"]
[SourceTitle "playchess.com"]
[Source "ChessBase"]
[SourceQuality "1"]
[TimeControl "5400+30"]

1. c4 c5 2. Nc3 Nc6 3. g3 g6 4. Bg2 Bg7 5. a3 d6 6. e3 Nf6 7. Nge2 O-O 8. O-O e6 9. Nf4 Ne7 10. b4 cxb4 11. axb4 d5 12. c5 Ne4 13. Bb2 Nxc3 14. Bxc3 Bxc3 15. dxc3 b6 16. Nd3 a5 17. Qb3 b5 18. Rfd1 a4 19. Qa2 Bb7 20. Rd2 Qc7 21. Rad1 Rad8 22. Nf4 Nc6 23. Nd3 Rd7 24. f4 Rfd8 25. Nf2 f5 26. Nh3 h6 27. Nf2 Kf7 28. Rd3 Ne7 29. R3d2 Ng8 30. Nd3 Nf6 31. Ne5+ Kg7 32. Nxd7 Rxd7 33. Qa1 Kf7 34. h3 Bc6 35. Kh2 Ne4 36. Bxe4 dxe4 37. Rxd7+ Bxd7 38. Rd6 Bc6 39. c4 bxc4 40. Qh8 Qb7 41. Qh7+ Kf6 42. Qh8+ Kf7 43. Rd8 1-0

[Event "Kragero Resort International 2022"]
[Site "Kragero"]
[Date "2022.02.25"]
[Round "5.3"]
[White "Omtvedt, Per"]
[Black "Haugen, Lars Tormod"]
[Result "0-1"]
[ECO "B26"]
[WhiteElo "1829"]
[BlackElo "1710"]
[Annotator "NA"]
[PlyCount "68"]
[EventDate "2022.02.23"]
[EventType "swiss"]
[EventCountry "NOR"]
[SourceTitle "playchess.com"]
[Source "ChessBase"]
[SourceQuality "1"]
[TimeControl "5400+30"]

1. e4 c5 2. Nc3 g6 3. g3 Bg7 4. Bg2 Nc6 5. d3 d6 6. Be3 e5 7. Nge2 Nge7 8. O-O O-O 9. Qd2 Nd4 10. Nd1 Be6 11. c3 Nxe2+ 12. Qxe2 Qd7 13. f4 exf4 14. Bxf4 Rae8 15. Nf2 Nc6 16. Qd2 b5 17. Bh6 d5 18. Bxg7 Kxg7 19. Rfe1 $11 d4 20. a4 b4 21. c4 Ne5 22. b3 f6 23. Qe2 h5 24. h4 Qd6 25. Bh3 Ng4 26. Kg2 Ne3+ 27. Kh2 Rh8 28. Bxe6 Rxe6 29. Nh3 g5 30. hxg5 fxg5 31. Rg1 h4 32. Qf3 hxg3+ 33. Qxg3 Rxh3+ 34. Kxh3 Rh6+ 0-1

[Event "Kragero Resort International 2022"]
[Site "Kragero"]
[Date "2022.02.25"]
[Round "5.4"]
[White "Rozum, Ivan"]
[Black "Chatalbashev, Boris"]
[Result "0-1"]
[ECO "A19"]
[WhiteElo "2537"]
[BlackElo "2515"]
[Annotator "ChessBase"]
[PlyCount "78"]
[EventDate "2022.02.23"]
[EventType "swiss"]
[EventCountry "NOR"]
[SourceTitle "playchess.com"]
[Source "ChessBase"]
[SourceQuality "1"]
[TimeControl "5400+30"]

1. c4 Nf6 2. Nc3 e6 3. e4 c5 4. e5 Ng8 5. d4 cxd4 6. Qxd4 Nc6 7. Qf4 Nge7 8. Nf3 Ng6 9. Qe4 Qa5 10. Bd2 Ngxe5 11. Nxe5 Qxe5 12. Qxe5 Nxe5 13. Nb5 Kd8 14. Bc3 f6 15. f4 Nc6 16. O-O-O Bc5 17. g3 a6 18. Nd6 Kc7 19. Ne4 b6 20. Bg2 Bb7 21. a3 Be7 22. Rd2 Rhd8 23. Rhd1 Na5 24. Bxa5 bxa5 25. Nc3 Bxg2 26. Rxg2 f5 27. h4 Rab8 28. Kc2 Rb6 29. Re2 Rdb8 30. Kc1 Rc6 31. Nd5+ Kd8 32. Ne3 Rb3 33. Kb1 Bc5 34. Nf1 Rcb6 35. Ka2 a4 36. Rg2 h5 37. Rdd2 Ke7 38. Rge2 d6 39. Rd1 Kf6 0-1

[Event "Kragero Resort International 2022"]
[Site "Kragero"]
[Date "2022.02.25"]
[Round "5.4"]
[White "Jonsson, Kristjan Dagur"]
[Black "Bronmo, Askild Skovgaard"]
[Result "1-0"]
[ECO "A75"]
[WhiteElo "1797"]
[BlackElo "1657"]
[Annotator "NA"]
[PlyCount "55"]
[EventDate "2022.02.23"]
[EventType "swiss"]
[EventCountry "NOR"]
[SourceTitle "playchess.com"]
[Source "ChessBase"]
[SourceQuality "1"]
[TimeControl "5400+30"]

1. d4 Nf6 2. c4 c5 3. d5 e6 4. Nc3 exd5 5. cxd5 d6 6. Nf3 g6 7. e4 a6 8. a4 Bg4 9. Be2 Bg7 10. Nd2 Bxe2 11. Qxe2 O-O 12. O-O Nbd7 13. Nc4 Nb6 14. Bg5 Nxc4 15. Qxc4 Qc7 16. Rfd1 Rfe8 17. Rac1 Qa5 18. Bf4 Rad8 19. f3 Nh5 20. Bg5 Rb8 21. Bd2 b5 22. axb5 axb5 23. Qf1 b4 24. Ra1 Qb6 25. Ra6 Qc7 26. Nb5 Rxb5 27. Qxb5 Bxb2 28. Qxe8+ 1-0

[Event "Kragero Resort International 2022"]
[Site "Kragero"]
[Date "2022.02.25"]
[Round "5.5"]
[White "Skaar, Ben Samuel Groth"]
[Black "Thorisson, Benedikt"]
[Result "1/2-1/2"]
[ECO "D85"]
[WhiteElo "1641"]
[BlackElo "1790"]
[Annotator "NA"]
[PlyCount "116"]
[EventDate "2022.02.23"]
[EventType "swiss"]
[EventCountry "NOR"]
[SourceTitle "playchess.com"]
[Source "ChessBase"]
[SourceQuality "1"]
[TimeControl "5400+30"]

1. d4 Nf6 2. Nf3 g6 3. c4 d5 4. Nc3 Bg7 5. cxd5 Nxd5 6. e4 Nxc3 7. bxc3 c5 8. Be3 Nc6 9. Be2 Bg4 10. e5 O-O 11. O-O Qc7 12. Qb3 Rad8 13. Rfd1 Rd7 14. Rac1 Qd8 15. Qa4 Qa5 16. Qb3 cxd4 17. cxd4 Be6 18. Bc4 Bxc4 19. Qxc4 Qd5 20. Qxd5 Rxd5 21. Rb1 Rd7 22. Ng5 e6 23. Ne4 Rfd8 24. Nc5 Rc7 25. Rxb7 Bxe5 26. Rdb1 Nxd4 27. Rxc7 Bxc7 28. Nb7 Rd5 29. Kf1 Bb6 30. Rc1 Kf8 31. a4 e5 32. Bg5 Kg7 33. Rc8 Ne6 34. Be3 Nd4 35. Bg5 Nb3 36. Rc6 Rd1+ 37. Ke2 Rd7 38. Bf6+ Kh6 39. Rc3 Nd4+ 40. Kf1 g5 41. Nc5 Bxc5 42. Rxc5 Ne6 43. Rc6 Rd5 44. Ra6 Kg6 45. Be7 Kf5 46. f3 Rd7 47. Bb4 Rb7 48. Bd2 Kf6 49. Be3 e4 50. Rxa7 Rb1+ 51. Ke2 Rb2+ 52. Kf1 Rb3 53. Kf2 exf3 54. gxf3 h5 55. Ra6 Rb2+ 56. Kg1 Rb1+ 57. Kf2 Rb2+ 58. Kg1 Kg7 1/2-1/2

[Event "Kragero Resort International 2022"]
[Site "Kragero"]
[Date "2022.02.25"]
[Round "5.6"]
[White "Johannessen, Martin T."]
[Black "Hammari, Vinjar"]
[Result "0-1"]
[ECO "A65"]
[WhiteElo "1629"]
[BlackElo "1775"]
[Annotator "NA"]
[PlyCount "100"]
[EventDate "2022.02.23"]
[EventType "swiss"]
[EventCountry "NOR"]
[SourceTitle "playchess.com"]
[Source "ChessBase"]
[SourceQuality "1"]
[TimeControl "5400+30"]

1. d4 Nf6 2. c4 c5 3. d5 e6 4. Bf4 exd5 5. cxd5 d6 6. Nc3 g6 7. e4 a6 8. Bd3 b5 9. Nf3 Bg7 10. O-O O-O 11. Re1 Nh5 12. Bg5 Qc7 13. Qd2 Nd7 14. Bh6 Nb6 15. Bxg7 Kxg7 16. e5 Bg4 17. Qg5 Bxf3 18. gxf3 dxe5 19. Qxe5+ Qxe5 20. Rxe5 Nf4 21. Rd1 Nxd3 22. Rxd3 Nc4 23. Re2 Rfe8 24. Rxe8 Rxe8 25. b3 Nd6 26. Re3 Rd8 27. Ne4 Nf5 28. Rd3 Nd4 29. Nxc5 Rxd5 30. Kg2 Rg5+ 31. Kf1 Nxf3 32. Nxa6 Nxh2+ 33. Ke2 Ng4 34. Nb4 Re5+ 35. Kf3 h5 36. Rd5 Kf6 37. Rd6+ Kg5 38. Rd5 h4 39. a4 bxa4 40. bxa4 Rxd5 41. Nxd5 Ne5+ 42. Kg2 Nc6 43. Kh3 f5 44. f4+ Kh5 45. Nf6+ Kh6 46. Kxh4 Kg7 47. Nd5 Kf7 48. Kg5 Kg7 49. Ne3 Nd4 50. Nd5 Nf3# 0-1

[Event "Kragero Resort International 2022"]
[Site "Kragero"]
[Date "2022.02.25"]
[Round "5.7"]
[White "Bjarnason, Snorri Vikanes"]
[Black "Helland, Phillip"]
[Result "1-0"]
[ECO "B35"]
[WhiteElo "1606"]
[BlackElo "1760"]
[Annotator "NA"]
[PlyCount "87"]
[EventDate "2022.02.23"]
[EventType "swiss"]
[EventCountry "NOR"]
[SourceTitle "playchess.com"]
[Source "ChessBase"]
[SourceQuality "1"]
[TimeControl "5400+30"]

1. e4 c5 2. Nf3 g6 3. d4 cxd4 4. Nxd4 Nc6 5. Nc3 Bg7 6. Be3 Nf6 7. Bc4 Qa5 8. O-O O-O 9. h3 d6 10. Bb3 Bd7 11. Nf3 Qh5 12. Nd4 Nxd4 13. Bxd4 Qh4 14. Qd3 Rfd8 15. Rfe1 e6 16. Rad1 Bc6 17. f3 Nh5 18. Ne2 Nf4 19. Nxf4 Qxf4 20. Bxg7 Kxg7 21. c4 a5 22. a4 Qe5 23. Qd4 Qxd4+ 24. Rxd4 Kf6 25. Red1 Ke7 26. Bc2 f6 27. b3 Rac8 28. Bb1 Be8 29. Kf2 Rc5 30. R1d2 h5 31. Rd1 h4 32. R1d2 g5 33. Bc2 Bf7 34. Bb1 d5 35. exd5 exd5 36. Be4 Rd7 37. Ke3 Be6 38. Bxd5 Bxd5 39. Rxd5 Rdxd5 40. Rxd5 Rxd5 41. cxd5 Kd6 42. Kd4 f5 43. Kc4 b6 44. Kd4 1-0

[Event "Kragero Resort International 2022"]
[Site "Kragero"]
[Date "2022.02.25"]
[Round "5.8"]
[White "Dahli, Vincent"]
[Black "Omarsson, Adam"]
[Result "0-1"]
[ECO "E94"]
[WhiteElo "1714"]
[BlackElo "1546"]
[Annotator "NA"]
[PlyCount "70"]
[EventDate "2022.02.23"]
[EventType "swiss"]
[EventCountry "NOR"]
[SourceTitle "playchess.com"]
[Source "ChessBase"]
[SourceQuality "1"]
[TimeControl "5400+30"]

1. d4 g6 2. c4 Nf6 3. Nc3 Bg7 4. e4 d6 5. Nf3 O-O 6. Be2 Nbd7 7. O-O e5 8. h3 exd4 9. Nxd4 Nc5 10. f3 a5 11. Be3 Nh5 12. Ndb5 Bd7 13. Qd2 Ng3 14. Rfd1 Bxb5 15. Nxb5 Rc8 16. Bf1 Qh4 17. Rab1 Nxf1 18. Kxf1 f5 19. Bf2 Qh5 20. Qd5+ Kh8 21. Bxc5 dxc5 22. Qxc5 fxe4 23. Qxh5 gxh5 24. Kf2 exf3 25. gxf3 Rf4 26. b3 Rcf8 27. Rd3 c6 28. Nd6 Bd4+ 29. Ke2 b6 30. Ne4 c5 31. Rh1 Rg8 32. Rh2 Be5 33. Rh1 Rg2+ 34. Ke3 Rf7 35. Rd5 Bd4+ 0-1

[Event "Kragero Resort International 2022"]
[Site "Kragero"]
[Date "2022.02.25"]
[Round "5.9"]
[White "Ochsner, Bjorn Moller"]
[Black "Alinasab, Mobina"]
[Result "1-0"]
[ECO "B45"]
[WhiteElo "2496"]
[BlackElo "2325"]
[Annotator "RC"]
[PlyCount "139"]
[EventDate "2022.02.23"]
[EventType "swiss"]
[EventCountry "NOR"]
[SourceTitle "playchess.com"]
[Source "ChessBase"]
[SourceQuality "1"]
[TimeControl "5400+30"]

1. e4 c5 2. Nf3 e6 3. d4 cxd4 4. Nxd4 Nf6 5. Nc3 Nc6 6. Ndb5 Bb4 7. a3 Bxc3+ 8. Nxc3 d5 9. exd5 exd5 10. Bd3 O-O 11. O-O d4 12. Ne2 Bg4 13. f3 Bh5 14. Nf4 Bg6 15. Nxg6 hxg6 16. f4 Ne7 17. Qf3 Qd7 18. Bd2 Rfe8 19. Rae1 Nf5 20. Re5 a6 21. h3 Rxe5 22. fxe5 Nd5 23. g4 Nfe3 24. Re1 Rc8 25. Qe4 Nc4 26. Bc1 Ne7 27. e6 Qxe6 28. Qxe6 fxe6 29. Rxe6 Kf7 30. Re4 b5 31. b3 Na5 32. Bg5 Nec6 33. Kg2 Nb7 34. Rf4+ Ke6 35. Bxg6 Nd6 36. Bd3 Kd5 37. Bh4 a5 38. Bg3 Ne5 39. Bf2 Nxd3 40. Rxd4+ Ke5 41. Rxd3 Rxc2 42. Kf3 Ke6 43. Bg3 Nf7 44. Re3+ Kf6 45. Be1 Ng5+ 46. Kg3 a4 47. bxa4 bxa4 48. Bb4 Ne6 49. h4 Rc4 50. Rf3+ Kg6 51. Rf5 Nd4 52. h5+ Kh6 53. Ra5 Ne2+ 54. Kh4 Nd4 55. Rxa4 Nf5+ 56. Kh3 Ne3 57. Ra6+ Kh7 58. g5 Nd5 59. Bd2 Kg8 60. Ra8+ Kf7 61. Ra7+ Kg8 62. g6 Rc8 63. Bg5 Nc7 64. Bf4 Nb5 65. Rb7 Nd4 66. Be5 Ne6 67. Kg4 Rc6 68. Kf5 Kf8 69. Rf7+ Ke8 70. Bxg7 1-0

[Event "Kragero Resort International 2022"]
[Site "Kragero"]
[Date "2022.02.25"]
[Round "5.13"]
[White "Sjoberg, Isak"]
[Black "Kaasen, Tor Fredrik"]
[Result "0-1"]
[ECO "B18"]
[WhiteElo "2322"]
[BlackElo "2458"]
[Annotator "ChessBase"]
[PlyCount "58"]
[EventDate "2022.02.23"]
[EventType "swiss"]
[EventCountry "NOR"]
[SourceTitle "playchess.com"]
[Source "ChessBase"]
[SourceQuality "1"]
[TimeControl "5400+30"]

1. e4 c6 2. d4 d5 3. Nc3 dxe4 4. Nxe4 Bf5 5. Ng3 Bg6 6. N1e2 Nd7 7. h4 h6 8. Nf4 Bh7 9. Bd3 Bxd3 10. Qxd3 Qc7 11. Bd2 O-O-O 12. O-O-O Ngf6 13. Rhe1 e6 14. Kb1 c5 15. dxc5 Bxc5 16. Qf3 Ne5 17. Qe2 Nc6 18. Nd3 Bd6 19. Ne4 Nd4 20. Qf1 Qxc2+ 21. Ka1 Qa4 22. Kb1 Nxe4 23. Rxe4 Qc2+ 24. Ka1 Qc4 25. f3 Bc7 26. Bf4 Bxf4 27. Rxf4 Kb8 28. Kb1 Qc2+ 29. Ka1 Ne2 0-1

[Event "Kragero Resort International 2022"]
[Site "Kragero"]
[Date "2022.02.25"]
[Round "5.14"]
[White "Ingebretsen, Jens E"]
[Black "Osmak, Yuliia"]
[Result "1-0"]
[ECO "D02"]
[WhiteElo "2316"]
[BlackElo "2432"]
[Annotator "ChessBase"]
[PlyCount "79"]
[EventDate "2022.02.23"]
[EventType "swiss"]
[EventCountry "NOR"]
[SourceTitle "playchess.com"]
[Source "ChessBase"]
[SourceQuality "1"]
[TimeControl "5400+30"]

1. Nf3 e6 2. d4 Nf6 3. Bf4 d5 4. e3 Bd6 5. Nbd2 O-O 6. Bd3 c5 7. c3 Bxf4 8. exf4 Qd6 9. g3 b6 10. Qe2 Nc6 11. dxc5 bxc5 12. Rd1 Qb8 13. Ne5 Nxe5 14. fxe5 Nd7 15. Nf3 h6 16. O-O a5 17. Rfe1 Qb6 18. c4 Bb7 19. cxd5 Bxd5 20. Be4 Qc6 21. Nd2 Rab8 22. Nc4 Bxc4 23. Bxc6 Bxe2 24. Rxe2 Nb6 25. Rc2 c4 26. Rd6 Rfc8 27. Kf1 Rc7 28. Rcd2 c3 29. bxc3 Nc4 30. Rd8+ Rxd8 31. Rxd8+ Kh7 32. Be4+ g6 33. f4 Ne3+ 34. Ke2 Rxc3 35. Rd3 Rxd3 36. Kxd3 Nf1 37. Kc4 Nxh2 38. Kb5 Nf1 39. g4 Nd2 40. Bd3 1-0

[Event "Kragero Resort International 2022"]
[Site "Kragero"]
[Date "2022.02.25"]
[Round "5.15"]
[White "Unneland, Mathias"]
[Black "Reimanis, Ritvars"]
[Result "1/2-1/2"]
[ECO "C67"]
[WhiteElo "2262"]
[BlackElo "2397"]
[Annotator "NA"]
[PlyCount "140"]
[EventDate "2022.02.23"]
[EventType "swiss"]
[EventCountry "NOR"]
[SourceTitle "playchess.com"]
[Source "ChessBase"]
[SourceQuality "1"]
[TimeControl "5400+30"]

1. e4 e5 2. Nf3 Nc6 3. Bb5 Nf6 4. O-O Nxe4 5. Re1 Nd6 6. Nxe5 Nxe5 7. Rxe5+ Be7 8. Bf1 O-O 9. d4 Ne8 10. d5 Bc5 11. Re1 Qf6 12. Be3 Bxe3 13. Rxe3 Qxb2 14. Nc3 Qb6 15. Rb1 Qc5 (15... Qf6 $11 {might be stronger.}) 16. Rb5 Qd6 17. Ne4 Qf4 18. g3 Qh6 19. d6 Nxd6 20. Rh5 Qg6 21. Nxd6 Qxd6 22. Qxd6 cxd6 23. Re7 g6 24. Rd5 Rd8 25. Rxd6 Kf8 26. Re4 Re8 $15 27. Rf4 Re6 28. Rd1 Re7 29. Bc4 Rb8 30. a4 b6 31. Rfd4 Rb7 32. f4 Rc7 33. f5 gxf5 34. Bd3 Re5 35. Rf1 d5 36. Rh4 Kg7 37. Rh5 Rce7 38. Kf2 h6 39. Rh4 Bd7 40. Ra1 Be8 41. Rb4 d4 42. Rxd4 Rc7 43. Rb1 Rc3 44. Rb3 Rcc5 45. Rbb4 Bc6 46. Rh4 Be4 47. Ke3 Bxd3+ 48. Kxd3 Re1 49. Rbc4 Ra5 50. Kd2 Ree5 51. Kd3 Kg6 52. Kc3 Re3+ 53. Kb2 Rae5 54. Rc7 R3e4 55. Rf4 Re7 56. Rxe4 Rxc7 57. Rd4 Re7 58. Kb3 Kg5 59. c3 a5 60. Kc4 Re5 61. Rd5 Rxd5 62. Kxd5 f4 63. gxf4+ Kxf4 64. Kc6 Ke4 65. Kxb6 Kd5 66. Kb5 f5 67. c4+ Ke6 68. Kb6 Kd7 69. Kb7 Kd6 70. Kb6 Kd7 1/2-1/2

[Event "Kragero Resort International 2022"]
[Site "Kragero"]
[Date "2022.02.25"]
[Round "5.16"]
[White "Mikalsen, Erlend"]
[Black "Gjestemoen-VonHirsch, Andre"]
[Result "0-1"]
[ECO "B87"]
[WhiteElo "2368"]
[BlackElo "2243"]
[Annotator "ChessBase"]
[PlyCount "58"]
[EventDate "2022.02.23"]
[EventType "swiss"]
[EventCountry "NOR"]
[SourceTitle "playchess.com"]
[Source "ChessBase"]
[SourceQuality "1"]
[TimeControl "5400+30"]

1. e4 c5 2. Nf3 d6 3. d4 cxd4 4. Nxd4 Nf6 5. Nc3 a6 6. Bc4 e6 7. Bb3 b5 8. Bg5 Be7 9. Qf3 Qc7 10. O-O-O O-O 11. Bxf6 Bxf6 12. e5 Bb7 13. exd6 Qb6 14. Qe3 Rd8 15. Ne4 Nd7 16. f4 Bxe4 17. Qxe4 Nc5 18. Qe3 Rxd6 19. Nf3 Bxb2+ 20. Kb1 Bf6 21. Ne5 Rad8 22. Rxd6 Qxd6 23. Qe2 Qd4 24. Re1 Qxf4 25. Nxf7 Kxf7 26. Qh5+ Kg8 27. Qxc5 Qd2 28. Rc1 Qxg2 29. Qc6 Qxc6 0-1

[Event "Kragero Resort International 2022"]
[Site "Kragero"]
[Date "2022.02.25"]
[Round "5.25"]
[White "Westrum, Kim Roger Hansen"]
[Black "Grave, Jacob Templen"]
[Result "1/2-1/2"]
[ECO "B10"]
[WhiteElo "1967"]
[BlackElo "2267"]
[Annotator "ChessBase"]
[PlyCount "79"]
[EventDate "2022.02.23"]
[EventType "swiss"]
[EventCountry "NOR"]
[SourceTitle "playchess.com"]
[Source "ChessBase"]
[SourceQuality "1"]
[TimeControl "5400+30"]

1. e4 c6 2. c4 d5 3. cxd5 cxd5 4. exd5 Nf6 5. Nc3 Nxd5 6. Bc4 Nb6 7. Bb3 g6 8. Qf3 e6 9. Nge2 Bg7 10. d4 O-O 11. O-O Bd7 12. Qg3 Bc6 13. h4 N8d7 14. h5 Nf6 15. hxg6 hxg6 16. Bg5 Qd7 17. Bxf6 Bxf6 18. Nf4 Rfe8 19. Rfe1 Bg7 20. Qh3 Qd6 21. g3 Nd5 22. Ncxd5 exd5 23. Qg2 Rxe1+ 24. Rxe1 Rd8 25. Rd1 a5 26. a3 Qd7 27. Qf3 Qf5 28. Kg2 a4 29. Ba2 Qc2 30. Qe2 Qf5 31. Qf3 g5 32. Nh5 Qxf3+ 33. Kxf3 Bh8 34. g4 Re8 35. Ng3 Bf6 36. Bb1 Bb5 37. Ba2 Bc6 38. Bb1 Re6 39. Bf5 Re8 40. Bb1 1/2-1/2

[Event "Kragero Resort International 2022"]
[Site "Kragero"]
[Date "2022.02.25"]
[Round "5.26"]
[White "Lye, Sverre"]
[Black "Doluhanova, Evgeniya"]
[Result "1/2-1/2"]
[ECO "C67"]
[WhiteElo "1917"]
[BlackElo "2255"]
[Annotator "ChessBase"]
[PlyCount "66"]
[EventDate "2022.02.23"]
[EventType "swiss"]
[EventCountry "NOR"]
[SourceTitle "playchess.com"]
[Source "ChessBase"]
[SourceQuality "1"]
[TimeControl "5400+30"]

1. e4 e5 2. Nf3 Nc6 3. Bb5 Nf6 4. O-O Nxe4 5. d4 Nd6 6. Bxc6 dxc6 7. dxe5 Nf5 8. Qxd8+ Kxd8 9. Rd1+ Ke8 10. Nc3 Be7 11. Bg5 Bxg5 12. Nxg5 h6 13. Nf3 Be6 14. Rd2 Rd8 15. Rad1 Rxd2 16. Rxd2 Ne7 17. Ne4 b6 18. Nd4 a6 19. Nxe6 fxe6 20. f4 Rf8 21. g3 c5 22. h4 Nc6 23. Kg2 Rf7 24. c3 a5 25. a4 Ke7 26. Kh3 Ke8 27. Kg4 Rf5 28. Rd1 Ke7 29. Rd2 Ke8 30. Nf2 Rf7 31. Ne4 Rf5 32. Rd1 Ke7 33. Rd2 Ke8 1/2-1/2

[Event "Kragero Resort International 2022"]
[Site "Kragero"]
[Date "2022.02.25"]
[Round "5.27"]
[White "Altarbosh, Ward"]
[Black "Austad, Eirik Strom"]
[Result "1-0"]
[ECO "C86"]
[WhiteElo "2221"]
[BlackElo "2055"]
[Annotator "ChessBase"]
[PlyCount "73"]
[EventDate "2022.02.23"]
[EventType "swiss"]
[EventCountry "NOR"]
[SourceTitle "playchess.com"]
[Source "ChessBase"]
[SourceQuality "1"]
[TimeControl "5400+30"]

1. e4 e5 2. Nf3 Nc6 3. Bb5 a6 4. Ba4 Nf6 5. O-O Be7 6. Qe2 b5 7. Bb3 d6 8. c3 O-O 9. Rd1 Be6 10. Bxe6 fxe6 11. d4 Qe8 12. a4 exd4 13. cxd4 Na5 14. Bg5 d5 15. axb5 axb5 16. Nbd2 Bb4 17. e5 Nh5 18. Nf1 Nf4 19. Bxf4 Rxf4 20. Ng3 Qd7 21. Ne1 Rff8 22. Nd3 Be7 23. Qg4 Qe8 24. Qxe6+ Qf7 25. Qd7 c6 26. f4 Rfd8 27. Qf5 Nb3 28. Rxa8 Rxa8 29. Nc1 Nxd4 30. Qxf7+ Kxf7 31. Rxd4 Bc5 32. Nb3 Bxd4+ 33. Nxd4 Ra4 34. Ngf5 c5 35. e6+ Ke8 36. Nxb5 Re4 37. Nbd6+ 1-0

[Event "Kragero Resort International 2022"]
[Site "Kragero"]
[Date "2022.02.25"]
[Round "5.28"]
[White "Manukyan, Hayk T."]
[Black "Nikolic, Vladan"]
[Result "0-1"]
[ECO "A06"]
[WhiteElo "1905"]
[BlackElo "2218"]
[Annotator "ChessBase"]
[PlyCount "102"]
[EventDate "2022.02.23"]
[EventType "swiss"]
[EventCountry "NOR"]
[SourceTitle "playchess.com"]
[Source "ChessBase"]
[SourceQuality "1"]
[TimeControl "5400+30"]

1. Nf3 d5 2. b3 c5 3. e3 a6 4. Bb2 Nc6 5. Be2 d4 6. e4 Nf6 7. d3 e5 8. O-O Be7 9. Nbd2 b5 10. h3 O-O 11. Nh2 Be6 12. Bc1 Rc8 13. Ng4 Nd7 14. Nxe5 Ndxe5 15. f4 c4 16. fxe5 cxd3 17. cxd3 Nxe5 18. Nf3 Nxf3+ 19. Bxf3 Bg5 20. Bg4 Rxc1 21. Rxc1 Bxc1 22. Qxc1 Bxg4 23. hxg4 Qc8 24. Qxc8 Rxc8 25. Rf5 Kf8 26. Rd5 Rc1+ 27. Kh2 Ra1 28. Rxd4 Rxa2 29. Rd8+ Ke7 30. Ra8 g6 31. g5 Rd2 32. Ra7+ Kf8 33. Ra8+ Kg7 34. Rd8 Rb2 35. d4 Rxb3 36. Ra8 Rb4 37. Rxa6 Rxd4 38. Rb6 b4 39. e5 Rg4 40. e6 fxe6 41. Rxe6 Rxg5 42. Rb6 Rg4 43. Kh3 h5 44. Kh2 Kh6 45. Rb5 Kg7 46. Rb6 Kf7 47. Kg1 Ke7 48. Kf2 Kd7 49. Kf3 Kc7 50. Rb5 Kc6 51. Rb8 Kc5 0-1

[Event "Kragero Resort International 2022"]
[Site "Kragero"]
[Date "2022.02.25"]
[Round "6.1"]
[White "Haugen, Lars Tormod"]
[Black "Engeset, Audun"]
[Result "0-1"]
[ECO "D32"]
[WhiteElo "1710"]
[BlackElo "1823"]
[Annotator "NA"]
[PlyCount "58"]
[EventDate "2022.02.23"]
[EventType "swiss"]
[EventCountry "NOR"]
[SourceTitle "playchess.com"]
[Source "ChessBase"]
[SourceQuality "1"]
[TimeControl "5400+30"]

1. c4 e6 2. Nf3 Nf6 3. Nc3 d5 4. e3 c5 5. d4 Nc6 6. cxd5 exd5 7. Be2 Be7 8. O-O O-O 9. dxc5 Bxc5 10. Nb5 Bf5 11. a3 Rc8 12. b4 Bb6 13. Bb2 Ne4 14. Rc1 Re8 15. Nbd4 Be6 16. Nxc6 bxc6 17. Ba6 Rc7 18. a4 Bc8 19. Qe2 Nxf2 20. Bd4 Ng4 21. Bxc8 Rxc8 22. a5 Bxd4 23. Nxd4 Qh4 24. g3 Qg5 25. Nxc6 Nxe3 26. Rfe1 Kf8 27. Nxa7 Rxc1 28. Rxc1 Nc4 29. Qf1 Qe3+ 0-1

[Event "Kragero Resort International 2022"]
[Site "Kragero"]
[Date "2022.02.25"]
[Round "6.2"]
[White "Haug, Havard"]
[Black "Ostensen, Nicolai Maxime"]
[Result "1/2-1/2"]
[ECO "B00"]
[WhiteElo "1801"]
[BlackElo "1728"]
[Annotator "NA"]
[PlyCount "66"]
[EventDate "2022.02.23"]
[EventType "swiss"]
[EventCountry "NOR"]
[SourceTitle "playchess.com"]
[Source "ChessBase"]
[SourceQuality "1"]
[TimeControl "5400+30"]

1. e4 b6 2. d4 Bb7 3. Nc3 e6 4. Bd3 Bb4 5. Nf3 c5 6. dxc5 bxc5 7. Bd2 Ne7 8. O-O O-O 9. Re1 Ng6 10. Nb1 d5 11. Bxb4 cxb4 12. Nbd2 Nd7 13. exd5 Bxd5 14. Be4 Nf6 15. Bxd5 Nxd5 16. Nc4 Qc7 17. Ne3 Rfd8 18. Nxd5 Rxd5 19. Qe2 Rc8 20. a3 Qxc2 21. axb4 Qxe2 22. Rxe2 Rd7 23. b3 Rb7 24. h3 h6 25. Re4 Ne7 26. Rc4 Rcb8 27. b5 Nd5 28. Nd4 g6 29. Rca4 Ra8 30. Ra5 Nc7 31. b6 Rxb6 32. Rxa7 Rxa7 33. Rxa7 Nd5 1/2-1/2

[Event "Kragero Resort International 2022"]
[Site "Kragero"]
[Date "2022.02.25"]
[Round "6.3"]
[White "Omarsson, Adam"]
[Black "Jonsson, Kristjan Dagur"]
[Result "0-1"]
[ECO "D37"]
[WhiteElo "1546"]
[BlackElo "1797"]
[Annotator "NA"]
[PlyCount "86"]
[EventDate "2022.02.23"]
[EventType "swiss"]
[EventCountry "NOR"]
[SourceTitle "playchess.com"]
[Source "ChessBase"]
[SourceQuality "1"]
[TimeControl "5400+30"]

1. d4 d5 2. c4 e6 3. Nc3 Be7 4. Nf3 Nf6 5. Bf4 O-O 6. e3 c6 7. h3 b6 8. cxd5 Nxd5 9. Bxb8 Rxb8 10. Bd3 Bb7 11. O-O c5 12. Nxd5 Bxd5 13. Ne5 h6 14. Bb5 Rc8 15. Qd3 Bd6 16. Nc4 Bb8 17. Ba6 Qc7 18. Ne5 f6 19. Bxc8 fxe5 20. dxe5 Rxc8 21. f4 Qb7 22. Qg6 Qf7 23. Qg4 Rf8 24. Qh4 Qg6 25. Rf2 Bc7 26. Qg4 Qe4 27. Rf3 Qh7 28. Rg3 b5 29. e4 h5 30. Qe2 Bxe4 31. Qxb5 h4 32. Re3 Bb6 33. Kh1 c4 34. Re2 Qf5 35. Rxe4 Qxe4 36. Rf1 Qe2 37. Rb1 Rxf4 38. Qe8+ Kh7 39. Kh2 Bf2 40. Kh1 Bg3 41. Rg1 Rf1 42. Qh5+ Qxh5 43. Rxf1 Bxe5 0-1

[Event "Kragero Resort International 2022"]
[Site "Kragero"]
[Date "2022.02.25"]
[Round "6.4"]
[White "Hammari, Vinjar"]
[Black "Gilmessen, Subhan"]
[Result "1-0"]
[ECO "E01"]
[WhiteElo "1775"]
[BlackElo "1381"]
[Annotator "NA"]
[PlyCount "127"]
[EventDate "2022.02.23"]
[EventType "swiss"]
[EventCountry "NOR"]
[SourceTitle "playchess.com"]
[Source "ChessBase"]
[SourceQuality "1"]
[TimeControl "5400+30"]

1. d4 d5 2. c4 c6 3. Nf3 e6 4. g3 Nf6 5. Bg2 Nbd7 6. Qc2 Bd6 7. O-O O-O 8. Rd1 b6 9. Nbd2 Qc7 10. e4 dxe4 11. Nxe4 Nxe4 12. Qxe4 Nf6 13. Qc2 h6 14. c5 bxc5 15. dxc5 Be7 16. Bf4 Qa5 17. Ne5 Nd5 18. Nxc6 Qxc5 19. Qxc5 Bxc5 20. b4 Bb6 21. Ne7+ Nxe7 22. Bxa8 Ba6 23. Bf3 Ng6 24. Be3 Bxe3 25. fxe3 Ne5 26. Kf2 Nd3+ 27. Kg2 Nxb4 28. Rac1 Nxa2 29. Rc7 Nb4 30. Rxa7 Nc2 31. Kf2 Nb4 32. Rb1 Nd3+ 33. Kg2 Bc4 34. Ra8 Ne5 35. Rxf8+ Kxf8 36. g4 f5 37. Kg3 Kf7 38. Rc1 Kf6 39. Rb1 Bd3 40. Rb6 Nxf3 41. Kxf3 fxg4+ 42. Kxg4 Bf5+ 43. Kf4 g5+ 44. Kf3 h5 45. e4 Bg6 46. Rb5 Bh7 47. h4 gxh4 48. Rxh5 Bg6 49. Rxh4 e5 50. Rh6 Kg7 51. Rh1 Kf6 52. Ra1 Bh5+ 53. Ke3 Bg6 54. Kd3 Bf7 55. Rf1+ Ke6 56. Kc4 Ke7+ 57. Kc5 Ke6 58. Ra1 Ke7 59. Rd1 Be6 60. Kc6 Bb3 61. Rb1 Bc2 62. Rb4 Ke6 63. Kc5 Bd3 64. Rb6+ 1-0